 Dungeon Crawl Stone Soup version 0.31.0-11-ge490571c62 (webtiles) character file.

Game seed: 3497346286836591936

765 qw the Skirmisher (level 7, -3/41 HPs)
             Began as a Deep Elf Hunter on Feb 5, 2024.
             Incinerated by a bombardier beetle (4 damage)
             ... with a burning spray
             ... on level 4 of the Dungeon.
             The game lasted 00:01:27 (2539 turns).

qw the Skirmisher (Deep Elf Hunter)                 Turns: 2539, Time: 00:01:27

Health: -3/41      AC:  7    Str: 10    XL:     7   Next: 52%
Magic:  0/9        EV: 11    Int: 14    God:
Gold:   175        SH:  0    Dex: 18    Spells: 6/6 levels left

rFire   . . .        a - +1 shortbow (heavy)
rCold   + . .        (shield currently unavailable)
rNeg    . . .        c - +1 ring mail {rC+}
rPois   .            (no helmet)
rElec   .            l - +0 cloak
rCorr   .            (no gloves)
SInv    .            (no boots)
Will    .....        g - amulet of guardian spirit
Stlth   +            (no ring)
HPRegen 0.26/turn    (no ring)
MPRegen 0.11/turn

%: guardian spirit
@: on fire, glowing
A: no striking features
a: no special abilities


You were on level 4 of the Dungeon.
You visited 1 branch of the dungeon, and saw 4 of its levels.

You collected 175 gold pieces.


   Skills:
 - Level 3.1 Fighting
 + Level 11.0 Ranged Weapons
 - Level 1.0 Armour
 - Level 3.0 Dodging
 - Level 1.2 Stealth


You had 6 spell levels left.
You didn't know any spells.
Your spell library was empty.

Inventory:

Hand Weapons
 a - a +1 heavy shortbow (weapon)
Armour
 b - a scarf of invisibility
 c - a +1 ring mail of cold resistance (worn)
 l - a +0 cloak (worn)
Jewellery
 g - an amulet of guardian spirit (around neck)
Wands
 n - a wand of roots (9)
Scrolls
 i - a scroll of enchant armour {unknown}
Potions
 d - 2 potions of curing
 e - a potion of degeneration {unknown}
 f - a potion of attraction {unknown}
 h - a potion of mutation {unknown}
 m - a potion of resistance {unknown}

Dungeon Overview and Level Annotations

Branches:
Dungeon (4/15)
 Temple: D:4-7

Altars:
Wu Jian


Message History

The gnoll misses you. The gnoll closely misses you. x2
The gnoll barely misses you.
You shoot an arrow. The arrow hits the gnoll.
The gnoll is lightly wounded.
The gnoll barely misses you. The gnoll hits you with a +0 club.
You shoot an arrow. The arrow hits the gnoll!
The gnoll is severely wounded.
The gnoll hits you from afar with a +0 spear.
The gnoll barely misses you. The gnoll closely misses you. x2
You shoot an arrow. The arrow hits the gnoll.
You kill the gnoll!
The gnoll hits you but does no damage.
You shoot an arrow.
The arrow barely misses the bombardier beetle.
The gnoll hits you but does no damage.
The bombardier beetle sprays incendiary fluid at you.
The burning spray hits you.
You are covered in liquid fire!
You shoot an arrow. The arrow hits the bombardier beetle!
You kill the bombardier beetle!
The liquid fire burns you!
The gnoll hits you from afar with a +0 spear.
The gnoll barely misses you.
Your Ranged Weapons skill increases to level 11!
You shoot an arrow. The arrow barely misses the gnoll.
The liquid fire burns you! The gnoll closely misses you.
You shoot an arrow. The arrow closely misses the gnoll.
The liquid fire burns you!
The gnoll hits you but does no damage. x2
You shoot an arrow. The arrow hits the gnoll!
You kill the gnoll!
The liquid fire burns you!
You are on fire!
The liquid fire burns you!
You are on fire!
The liquid fire burns you!
You are on fire!
The liquid fire burns you!
You die...

#.........#.#.###.# #.##..
####.##.#....#.#.# #.###.##..
.............#)#.# #.#....+..
.....##.#.##.#.#.# #.#.#.##..
.........<.....#.#)###.#.#.###+
#.######.......................
# .............#<###.#.#.###.
....###)##########.#.#.# #.
#### #..#@........#.#.# #.
#..#)#########.#.# #. ##..%)
#.#.# #. #..... #.#.# #.
........ +.... #. .##..)....
#.#.. .. . ###.#...# #.....+


There were no monsters in sight!

Vanquished Creatures
  Grinder (D:3)
  Sigmund (D:3)
  A bombardier beetle (D:4)
  A hound (D:3)
  An orc priest (D:3)
  Jessica (D:2)
  Ijyb (D:3)
  Terence (D:2)
  Natasha (twice) (D:2)
  An iguana (D:4)
  An orc wizard (D:3)
  3 adders
  3 gnolls (D:4)
  2 ufetubi (D:4)
  3 ribbon worms
  A dart slug (D:4)
  5 orcs (D:3)
  7 bats
  8 endoplasms
  A giant cockroach (D:1)
  5 goblins
  6 hobgoblins
  6 jackals
  7 kobolds
  3 quokkas
  7 ball pythons
  7 frilled lizards
  8 rats
94 creatures vanquished.

Notes
Turn   | Place    | Note
-------+----------+-------------------------------------------
     0 | D:1      | qw the Deep Elf Hunter began the quest for the Orb.
     0 | D:1      | Reached XP level 1. HP: 12/12 MP: 3/3
     0 | D:1      | 0 ||| qw: Version: 0.3-a-160-g6735b56
     0 | D:1      | 0 ||| qw: Game counter: 6403
     0 | D:1      | 0 ||| qw: Melee chars always use a shield: true
     0 | D:1      | 0 ||| qw: God list: Okawaru
     0 | D:1      | 0 ||| qw: Allow faded altars: false
     0 | D:1      | 0 ||| qw: Do Orc after clearing Dungeon:15 true
     0 | D:1      | 0 ||| qw: Do second Lair branch before Depths: true
     0 | D:1      | 0 ||| qw: Lair rune preference: random
     0 | D:1      | 0 ||| qw: Goals: Normal
     0 | D:1      | 0 ||| PLANNING D:1-11
    93 | D:1      | Reached XP level 2. HP: 16/16 MP: 4/4
    94 | D:1      | Reached skill level 6 in Ranged Weapons
   320 | D:1      | Reached XP level 3. HP: 20/20 MP: 5/5
   437 | D:1      | 437 ||| READING 3 scrolls labelled GEINECW WAROUW.
   438 | D:1      | 438 ||| READING scroll labelled ONIULOI LEEN.
   439 | D:1      | 439 ||| READING scroll labelled JETEGUOSHROMM.
   440 | D:1      | 440 ||| DRINKING 2 murky orange potions.
   475 | D:1      | 475 ||| DRINKING 2 viscous red potions.
   476 | D:1      | 476 ||| DROPPING scroll of butterflies.
   477 | D:1      | 477 ||| DROPPING potion of lignification.
   478 | D:1      | 478 ||| DROPPING 2 scrolls of revelation.
   610 | D:2      | Noticed Jessica
   611 | D:2      | Reached skill level 7 in Ranged Weapons
   612 | D:2      | Killed Jessica
   613 | D:2      | Reached XP level 4. HP: 25/25 MP: 6/6
   634 | D:2      | Noticed Natasha
   639 | D:2      | 639 ||| DRINKING potion of haste.
   643 | D:2      | HP: 6/25 [Natasha (7)]
   646 | D:2      | Killed Natasha
   748 | D:2      | Noticed Terence
   760 | D:2      | Killed Terence
   761 | D:2      | Reached skill level 8 in Ranged Weapons
   951 | D:2      | Found an ornate altar of the Wu Jian Council.
   958 | D:2      | Reached XP level 5. HP: 29/29 MP: 7/7
  1200 | D:2      | Noticed Natasha
  1205 | D:2      | 1205 ||| DRINKING potion of haste.
  1206 | D:2      | Killed Natasha
  1346 | D:2      | 1346 ||| UPGRADING to +0 ring mail.
  1356 | D:2      | 1356 ||| DROPPING +0 leather armour.
  1357 | D:2      | 1357 ||| UPGRADING to amulet of guardian spirit.
  1362 | D:2      | 1362 ||| READING scroll labelled NAKHLA DUEPTUCE.
  1362 | D:2      | 1362 ||| BRANDING +0 shortbow.
  1363 | D:2      | 1363 ||| DRINKING 2 red potions.
  1450 | D:3      | Noticed Grinder
  1450 | D:3      | Paralysed by Grinder for 3 turns
  1461 | D:3      | Paralysed by Grinder for 4 turns
  1467 | D:3      | Killed Grinder
  1468 | D:3      | Reached skill level 10 in Ranged Weapons
  1468 | D:3      | Reached XP level 6. HP: 33/34 MP: 5/8
  1677 | D:3      | Noticed Sigmund
  1680 | D:3      | Killed Sigmund
  1681 | D:3      | Reached skill level 3 in Fighting
  1681 | D:3      | Reached XP level 7. HP: 41/41 MP: 9/9
  1887 | D:3      | Reached skill level 3 in Dodging
  2163 | D:3      | Noticed Ijyb
  2167 | D:3      | Killed Ijyb
  2277 | D:3      | 2277 ||| UPGRADING to +1 ring mail of cold resistance.
  2287 | D:3      | 2287 ||| DROPPING +0 ring mail.
  2288 | D:3      | 2288 ||| UPGRADING to +0 cloak.
  2293 | D:3      | 2293 ||| READING scroll labelled COGOSM JICIG.
  2293 | D:3      | 2293 ||| ENCHANTING +0 heavy shortbow.
  2294 | D:3      | 2294 ||| READING scroll labelled HICIUW PIMUJAA.
  2295 | D:3      | 2295 ||| READING scroll labelled KILEOSUBLI.
  2488 | D:4      | Reached skill level 1 in Armour
  2534 | D:4      | Reached skill level 11 in Ranged Weapons
  2536 | D:4      | HP: 7/41 [burnt (4)]
  2538 | D:4      | HP: 1/41 [burnt (5)]
  2539 | D:4      | Incinerated by a bombardier beetle

Levels and vault maps discovered:
D:1:      ebering_hopf_link, layout_rooms
D:2:      layout_rooms, basic_altar, st_stairs_10, uniq_jessica, uniq_natasha,
          uniq_terence
D:3:      layout_loops_corners, st_stairs_7, nicolae_kite_square_tiling_tiny,
          due_unseen_surprise, uniq_crazy_yiuf_cottage, uniq_ijyb, uniq_grinder,
          uniq_sigmund
D:4:      kennysheep_spiral_hall, layout_basic

Skill      XL: |  1  2  3  4  5  6  7 |
---------------+----------------------+-----
Ranged Weapons | 6 7 8 10 11 | 11.0
Fighting       | 3 |  3.1
Dodging        | 3 |  3.0
Armour         | 1 |  1.0
Stealth        | |  1.2

Action                     |  1- 3 |  4- 6 |  7- 9 || total
---------------------------+-------+-------+-------++-------
   Fire: Shortbow          |    86 |    92 |    63 ||   241
    Use: Scroll            |     3 |     1 |     3 ||     7
         Potion            |     2 |     3 |       ||     5
 Armour: Leather armour    |    10 |    18 |       ||    28
         Ring mail         |       |     4 |    20 ||    24
  Dodge: Dodged            |    12 |    25 |    16 ||    53

Table legend:
 A = Non-vault XP
 B = Vault XP
 C = Vault XP percentage of total XP
 D = Non-vault monster count
 E = Vault monster count
 F = Vault count percentage of total count
                 A         B        C        D         E       F
            +---------+---------+-------+---------+---------+-------
      Total |     462 |     632 |  57.8 |      84 |      10 |  10.6
            +---------+---------+-------+---------+---------+-------
        D:1 |      43 |       0 |   0.0 |      25 |       0 |   0.0
        D:2 |      74 |     119 |  61.7 |      19 |       7 |  26.9
        D:3 |     181 |     513 |  73.9 |      27 |       3 |  10.0
        D:4 |     164 |       0 |   0.0 |      13 |       0 |   0.0
            +---------+---------+-------+---------+---------+-------
